 Dungeon Crawl Stone Soup version 0.31.0-9-g3a7656b989 (webtiles) character file.

Game seed: 4050541028153630717

26 qw the Shooter (level 2, 0/24 HPs)
             Began as a Demigod Hunter on Feb 2, 2024.
             Slain by Terence
             ... wielding a +0 flail
              (3 damage)
             ... on level 2 of the Dungeon.
             The game lasted 00:00:06 (2038 turns).

qw the Shooter (Demigod Hunter)                     Turns: 2038, Time: 00:00:06

Health: 0/24       AC:  8    Str: 12    XL:     2   Next: 69%
Magic:  4/4        EV: 10    Int: 11    God:
Gold:   123        SH:  0    Dex: 17    Spells: 1/1 levels left

rFire   . . .        a - +1 shortbow
rCold   . . .        (shield currently unavailable)
rNeg    . . .        j - +0 ring mail
rPois   .            (no helmet)
rElec   .            (no cloak)
rCorr   .            e - +2 pair of gloves
SInv    .            (no boots)
Will    .....        (no amulet)
Stlth   +            (no ring)
HPRegen 0.24/turn    (no ring)
MPRegen 0.09/turn

%: no passive effects
@: no status effects
A: high MP 1, forlorn, divine attributes
a: no special abilities


You were on level 2 of the Dungeon.
You visited 1 branch of the dungeon, and saw 3 of its levels.

You collected 123 gold pieces.


Innate Abilities, Weirdness & Mutations

You have an increased reservoir of magic. (+10% MP)
You shall have no god before yourself.
Your divine heritage dramatically boosts your attributes as you level up.


   Skills:
 - Level 2.0 Fighting
 + Level 4.4 Ranged Weapons
 - Level 1.7 Dodging
 - Level 0.8 Stealth


You had one spell level left.
You didn't know any spells.
Your spell library was empty.

Inventory:

Hand Weapons
 a - a +1 shortbow (weapon)
Armour
 e - a +2 pair of gloves (worn)
 j - a +0 ring mail (worn)
Scrolls
 d - a scroll of enchant armour
Potions
 f - a potion of haste
 g - a potion of enlightenment
 h - a potion of attraction {unknown}
 i - a potion of curing {unknown}
 k - a potion of degeneration {unknown}

Dungeon Overview and Level Annotations

Branches:
Dungeon (3/15)

Annotations:
D:2 1 runed translucent door, Crazy Yiuf, Terence


Message History

You start resting.
HP restored.
Could not explore, unopened runed door.
What level of the Dungeon? (default 3, ? - help)
There is a stone staircase leading down here.
You climb downwards.
Level annotation: Terence The frilled lizard bites you but does no damage.
There is a stone staircase leading up here.
2029 ||| STAIRDANCE The frilled lizard barely misses you.
You climb upwards.
Level annotation: 1 runed translucent door, Crazy Yiuf
There is a stone staircase leading down here.
You shoot an arrow.
The arrow closely misses the frilled lizard.
The frilled lizard barely misses you.
You shoot an arrow. The arrow hits the frilled lizard.
You kill the frilled lizard!
You climb downwards.
Level annotation: Terence The orc priest invokes the aid of Beogh against you.
Beogh smites you!
Terence shouts, "Get ready for death!"
Terence hits you but does no damage.
There is a stone staircase leading up here.
2035 ||| STAIRDANCE Terence hits you with a +0 flail.
You climb upwards.
Level annotation: 1 runed translucent door, Crazy Yiuf
There is a stone staircase leading down here.
You shoot an arrow.
The arrow hits Terence but does no damage.
Terence hits you with a +0 flail. Terence says, "Did you write a will?
You should..."
Terence hits you but does no damage.
You shoot an arrow. The arrow barely misses Terence.
Terence hits you with a +0 flail.
You die...
Terence says, "Rest in peace."

.###.#####.# #....# .#....# #.#
#.##.# .#.#..####.#####.##.######
.#.#.....................#
.#.##.####.###...##.####.#
.#.##.####...........# #.# ######
.........#...........# #.# #.....
[##.#.#..#.......[...###.###.####
.......<.......@@....+...........
###.#............%...###.#.#.###.
..............................###
###....###............##......# #
####.# #.#......#.#..###....# #
#.###.#.######.##........# #
#.#............#.........###
#.#.#.#.....####.###........
###########....#.####.#.....


You could see Terence.

Vanquished Creatures
  A ribbon worm (D:2)
  An orc (D:2)
  5 ball pythons
  An endoplasm (D:1)
  A giant cockroach (D:1)
  3 hobgoblins
  2 jackals (D:2)
  A quokka (D:1)
  2 bats
  2 frilled lizards
  A goblin (D:2)
  A kobold (D:1)
  A rat (D:2)
22 creatures vanquished.

Notes
Turn   | Place    | Note
-------+----------+-------------------------------------------
     0 | D:1      | qw the Demigod Hunter began the quest for the Orb.
     0 | D:1      | Reached XP level 1. HP: 17/17 MP: 3/3
     0 | D:1      | 0 ||| qw: Version: 0.3-a-155-g5e7d8dd
     0 | D:1      | 0 ||| qw: Game counter: 14
     0 | D:1      | 0 ||| qw: Melee chars always use a shield: true
     0 | D:1      | 0 ||| qw: God list: Okawaru
     0 | D:1      | 0 ||| qw: Allow faded altars: false
     0 | D:1      | 0 ||| qw: Do Orc after clearing Dungeon:15 true
     0 | D:1      | 0 ||| qw: Do second Lair branch before Depths: true
     0 | D:1      | 0 ||| qw: Lair rune preference: random
     0 | D:1      | 0 ||| qw: Goals: Normal
     0 | D:1      | 0 ||| PLANNING D:1-11
   225 | D:1      | Reached skill level 4 in Ranged Weapons
   413 | D:1      | Reached XP level 2. HP: 24/24 MP: 4/4
   559 | D:1      | 559 ||| UPGRADING to +1 pair of gloves.
   564 | D:1      | 564 ||| UPGRADING to +0 ring mail.
   574 | D:1      | 574 ||| DROPPING +0 leather armour.
   575 | D:1      | 575 ||| READING 2 scrolls labelled ZOEWOU PEQE.
   575 | D:1      | 575 ||| ENCHANTING +1 pair of gloves.
   576 | D:1      | 576 ||| READING scroll labelled DAFOGONUEX.
   577 | D:1      | 577 ||| READING scroll labelled HIODAINWET.
   678 | D:1      | 678 ||| READING scroll labelled YFUCWU FATUSE.
   779 | D:1      | 779 ||| DROPPING scroll of butterflies.
   884 | D:2      | Found a runed translucent door.
   885 | D:2      | Noticed Crazy Yiuf
  1881 | D:2      | 1881 ||| READING scroll labelled CEW CAFEGURENU.
  1927 | D:2      | 1927 ||| READING 2 scrolls labelled YSIASEM DIYMN.
  1927 | D:2      | 1927 ||| IDENTIFYING emerald potion
  1928 | D:2      | 1928 ||| READING scroll of identify.
  1928 | D:2      | 1928 ||| IDENTIFYING purple potion
  1929 | D:2      | 1929 ||| READING scroll labelled YCWAIDUEHU.
  1930 | D:2      | 1930 ||| READING scroll labelled GAEFODDIU.
  1930 | D:2      | 1930 ||| ENCHANTING +0 shortbow.
  1955 | D:3      | Noticed Terence
  1957 | D:3      | 1957 ||| STAIRDANCE
  2029 | D:3      | 2029 ||| STAIRDANCE
  2035 | D:3      | 2035 ||| STAIRDANCE
  2037 | D:2      | HP: 3/24 [Terence/+0 flail (5)]
  2038 | D:2      | Slain by Terence

Levels and vault maps discovered:
D:1:      tarquinn_simple_flora_water_f, layout_rooms,
          shapermc_ecumenical_altar_ellora
D:2:      layout_basic, uniq_crazy_yiuf_cottage
D:3:      layout_rooms, nicolae_sif_muna_little_library, serial_curves,
          eino_curves_03, eino_curves_02, eino_curves_03, eino_curves_02,
          nicolae_shop_unique_rings, uniq_terence

Skill      XL: |  1 |
---------------+----+-----
Ranged Weapons | 4 |  4.4
Fighting       | 2 |  2.0
Dodging        | |  1.7
Stealth        | |  0.8

Action                     || total
---------------------------++-------
   Fire: Shortbow          ||    90
    Use: Scroll            ||     9
 Armour: Leather armour    ||    11
         Ring mail         ||    34
  Dodge: Dodged            ||    34

Table legend:
 A = Non-vault XP
 B = Vault XP
 C = Vault XP percentage of total XP
 D = Non-vault monster count
 E = Vault monster count
 F = Vault count percentage of total count
                 A         B        C        D         E       F
            +---------+---------+-------+---------+---------+-------
      Total |      38 |       0 |   0.0 |      22 |       0 |   0.0
            +---------+---------+-------+---------+---------+-------
        D:1 |      19 |       0 |   0.0 |      12 |       0 |   0.0
        D:2 |      18 |       0 |   0.0 |       9 |       0 |   0.0
        D:3 |       1 |       0 |   0.0 |       1 |       0 |   0.0
            +---------+---------+-------+---------+---------+-------
